 Dungeon Crawl Stone Soup version 0.20.0-15-g7f486f2 (webtiles) character file.

811 Inarius the Digger (level 7, -10/43 HPs)
             Began as a Gargoyle Earth Elementalist on June 22, 2017.
             Mangled by a mummy (13 damage)
             ... in an ossuary.
             The game lasted 00:14:11 (4903 turns).

Inarius the Digger (Gargoyle Earth Elementalist)    Turns: 4903, Time: 00:14:11

Health: -10/43     AC: 11    Str: 11    XL:     7   Next: 93%
Magic:  7/13       EV: 12    Int: 23    God:
Gold:   164        SH:  0    Dex: 10    Spells: 4/14 levels left

rFire    . . .     SeeInvis .   t - +2 flail (crush)
rCold    . . .     Gourm    .   (no shield)
rNeg     + . .     Faith    .   f - +0 leather armour
rPois    ∞         Spirit   .   k - +2 hat
rElec    +         Reflect  .   (no cloak)
rCorr    .         Harm     .   (no gloves)
MR       .....                  a - +0 pair of boots
Stlth    ++........             (no amulet)
Regen    0.2/turn               g - +5 ring of intelligence
MPRegen  0.2/turn               (no ring)

@: no status effects
A: negative energy resistance 1, electricity resistance, unbreathing,
petrification resistance, rot immunity, AC +4
a: no special abilities


You were in an ossuary.
You were not hungry.

You visited 2 branches of the dungeon, and saw 6 of its levels.
You also visited: Ossuary.

You collected 164 gold pieces.

Inventory:

Hand Weapons
 r - a +0 short sword of draining
 t - a +2 flail of crushing (weapon)
Missiles
 b - 60 stones (quivered)
Armour
 a - a +0 pair of boots (worn)
 f - a +0 leather armour (worn)
 k - a +2 hat (worn)
Jewellery
 g - a +5 ring of intelligence (left hand)
Scrolls
 c - 2 scrolls of remove curse {unknown}
 h - a scroll of teleportation {unknown}
 j - a scroll of enchant weapon {unknown}
 l - a scroll of random uselessness {unknown}
 p - 2 scrolls of identify {unknown}
 u - a scroll of amnesia {unknown}
Potions
 i - a potion of mutation {unknown}
 m - a potion of lignification {unknown}
 n - a potion of ambrosia {unknown}
 s - 2 potions of flight {unknown}
Books
 e - a book of Geomancy

   Spells                             Type                      Level
   a - Sandblast                      Earth                        1
   b - Passwall                       Transmutation/Earth          2
   c - Stone Arrow                    Conjuration/Earth            3
   d - Petrify                        Transmutation/Earth          4
   e - Lee's Rapid Deconstruction     Earth                        5
 w - a book of Conjurations

   Spells                             Type                      Level
   a - Magic Dart                     Conjuration                  1
   b - Searing Ray                    Conjuration                  2
   c - Dazzling Spray                 Conjuration/Hexes            3
   d - Fulminant Prism                Conjuration/Hexes            4
   e - Force Lance                    Conjuration/Translocation    4
   f - Iskenderun's Mystic Blast      Conjuration                  4
Comestibles
 d - a bread ration
 o - 2 royal jellies
 q - 3 meat rations


   Skills:
 * Level 4.1 Fighting
 * Level 3.5 Armour
 + Level 2.6 Dodging
 - Level 2.1 Stealth
 + Level 4.0 Spellcasting
 * Level 1.8 Conjurations
 + Level 0.7 Transmutations
 + Level 6.2 Earth Magic


You had 4 spell levels left.
You knew the following spells:

 Your Spells              Type           Power        Failure   Level  Hunger
a - Sandblast             Erth           ####..       1%          1    None
b - Stone Arrow           Conj/Erth      ###...       8%          3    ##.....
c - Petrify               Tmut/Erth      ###.....     30%         4    ####...
d - Passwall              Tmut/Erth      ###.......   4%          2    #......


Dungeon Overview and Level Annotations

Branches:
Dungeon (5/15)             Temple (1/1) D:4

Altars:
Ashenzari
Cheibriados
Elyvilon
Fedhas
Gozag
Kikubaaqudgha
Okawaru
Qazlal
Sif Muna
Uskayaw
Xom
Yredelemnul
Zin

Shops:
D:4 *


Innate Abilities, Weirdness & Mutations

You are resistant to torment.
Your stone body is resilient. (AC +4)
You are immune to poison.
You resist negative energy. (rN+)
You are resistant to electric shocks. (rElec)
You can survive without breathing.
You are immune to petrification.
You are immune to rotting.


Message History

You hit the mummy.
The mummy is heavily damaged.
The mummy closely misses you.
You hit the mummy.
The mummy is almost destroyed.
The mummy hits you!
* * * LOW HITPOINT WARNING * * *
You barely miss the mummy.
The mummy is almost destroyed.
The mummy hits you.
* * * LOW HITPOINT WARNING * * *
A jackal zombie comes into view.
You barely miss the mummy.
The mummy is almost destroyed.
The mummy hits you but does no damage. The jackal zombie barely misses you.
You closely miss the mummy.
The mummy is almost destroyed.
The jackal zombie bites you but does no damage.
The mummy hits you!
You die...

'.# ##.# ...# # ≈.#
#..≈≈ ##≈#≈##### #
#≈P≈.#..∩# #≈
###.#@∩.#
#≈≈##.'≈#MZ.#
#≈≈≈≈##≈##'##+##'##≈
#####....≈..≈M≈≈≈≈.≈
##≈.≈.≈.#.≈≈≈.#'
#≈#P#.≈P≈P≈.#P#
#≈#≈#≈#≈≈##≈##
#≈≈#≈≈≈≈##≈≈#≈≈ #≈≈
≈≈#≈#≈###≈#≈≈


You could see a mummy and a jackal zombie.

Vanquished Creatures
  A wyvern zombie (Ossuary)
  A howler monkey (D:3)
  A centaur zombie (Ossuary)
  A bullfrog zombie (Ossuary)
  A centaur skeleton (D:4)
  2 orc priests
  2 hounds (D:4)
  9 mummies (Ossuary)
  2 orc wizards (D:3)
  A bullfrog skeleton (D:4)
  An iguana (D:3)
  2 worker ants
  6 adders
  A howler monkey skeleton (D:4)
  An ooze (D:3)
  5 worms
  A dart slug (D:2)
  A leopard gecko (D:3)
  15 orcs
  2 ball pythons (D:3)
  5 giant cockroaches
  7 goblins
  9 hobgoblins
  11 jackals
  10 kobolds
  7 bats
  A frilled lizard (D:3)
  A jackal zombie (Ossuary)
  4 rats
111 creatures vanquished.

Vanquished Creatures (others)
  A withered plant (Ossuary)
1 creature vanquished.

Grand Total: 112 creatures vanquished

Notes
Turn   | Place    | Note
-------+----------+-------------------------------------------
     0 | D:1      | Inarius the Gargoyle Earth Elementalist began the quest for the Orb.
     0 | D:1      | Reached XP level 1. HP: 10/10 MP: 3/3
   615 | D:1      | Reached XP level 2. HP: 6/15 MP: 1/5
  1028 | D:1      | Reached skill level 1 in Armour
  1267 | D:2      | Reached skill level 1 in Fighting
  1267 | D:2      | Reached skill level 4 in Earth Magic
  1267 | D:2      | Reached XP level 3. HP: 20/20 MP: 2/6
  1604 | D:2      | Reached XP level 4. HP: 19/26 MP: 5/7
  1760 | D:2      | Found a blossoming altar of Fedhas.
  2105 | D:3      | Reached XP level 5. HP: 13/31 MP: 4/8
  2734 | D:3      | Reached skill level 5 in Earth Magic
  2827 | D:3      | Reached XP level 6. HP: 32/36 MP: 7/10
  3153 | D:4      | Learned a level 3 spell: Stone Arrow
  3158 | D:4      | Learned a level 4 spell: Petrify
  3162 | D:4      | Learned a level 2 spell: Passwall
  3189 | D:4      | Found a hide-covered altar of Uskayaw.
  3214 | D:4      | Found Vegetoupn's Elemental Accessories.
  3331 | D:4      | Found a glowing silver altar of Zin.
  4367 | D:4      | Reached XP level 7. HP: 41/41 MP: 10/12
  4417 | D:4      | Found a staircase to the Ecumenical Temple.
  4457 | Temple   | Entered the Ecumenical Temple
  4652 | D:4      | Reached skill level 6 in Earth Magic
  4664 | D:5      | Entered Level 5 of the Dungeon
  4664 | D:5      | Found a sand-covered staircase.
  4674 | Ossuary  | Entered an ossuary
  4745 | Ossuary  | Reached skill level 1 in Conjurations
  4901 | Ossuary  | HP: 2/43 [mummy (5)]
  4903 | Ossuary  | Mangled by a mummy

Skill      XL: |  1  2  3  4  5  6  7 |
---------------+----------------------+-----
Armour         | 1 2 3 |  3.5
Fighting       | 1 2 3 4 |  4.1
Earth Magic    | 4 5 6 |  6.2
Dodging        | 2 |  2.6
Spellcasting   | 3 4 |  4.0
Conjurations   | 1 |  1.8
Stealth        | |  2.1
Transmutations | |  0.7

Action                   |  1- 3 |  4- 6 |  7- 9 || total
-------------------------+-------+-------+-------++-------
Melee: Short sword       |    97 |   155 |       ||   252
       Unarmed           |     7 |       |       ||     7
       Flail             |       |     2 |    31 ||    33
 Cast: Sandblast         |    11 |    52 |    31 ||    94
       Stone Arrow       |       |    11 |       ||    11
 Stab: Sleeping          |     1 |     2 |       ||     3
  Eat: Chunk             |     2 |     9 |       ||    11
       Bread ration      |       |       |     1 ||     1
Armor: Robe              |     6 |       |       ||     6
       Leather armour    |    37 |    72 |    18 ||   127
Dodge: Dodged            |    72 |   138 |    27 ||   237
